AoeStats
← beneath mariana

Hideout

503240038Analyzed
4v4 RM · 1mo ago on Aug 30, 2026· 47m 35s· 8 players
Game mode
Random Map
Map size
Large (8 player)
Population
200
Speed
Normal
Resources
Standard
Victory
Conquest
Starting age
Dark Age
Ending age
Imperial Age
RankedLock teamsTeams togetherTeam positionsShared explorationLock speedFull tech treeHidden civsTurbo modeCheats
Victory
Defeat
🇧🇷 Italians · Brazil
1517
+11
🇧🇷 Hindustanis · Brazil
1489
+13
🇧🇷 Shu · Brazil
1448
+14
🇧🇷 Persians · Brazil
1386
+17
🇨🇴 Burmese · Colombia
1473
-17
🇨🇳 Burgundians · China
1442
-15
🇻🇳 Slavs · Vietnam
1388
-13
🇲🇽 Franks · Mexico
1353
-11
beneath mariana
4:50 Double-Bit Axe
9:55 Feudal Age
9:35 Horse Collar
10:49 Bow Saw
14:55 Stone Mining
17:06 Wheelbarrow
17:23 Scale Mail Armor
20:48 Castle Age
19:24 Forging
19:14 Gold Mining
21:03 Hand Cart
22:01 Fletching
22:05 Loom
22:44 Town Watch
27:21 Sanctity
28:29 Gold Shaft Mining
32:36 Imperial Age
30:35 Bodkin Arrow
32:15 Guilds
34:18 Conscription
34:33 Scale Barding Armor
35:37 Two-Man Saw
35:37 Chain Mail Armor
35:45 Block Printing
36:50 Plate Mail Armor
38:45 Illumination
38:31 Fervor
38:36 Squires
40:08 Chemistry
39:19 Masonry
39:13 Heavy Plow
38:39 Pikeman
40:18 Iron Casting
43:19 Blast Furnace
46:18 Chain Barding Armor
46:50 Bracer
46:51 Padded Archer Armor
47:00 Elite Skirmisher
[GDL] R_Oak
4:14 Loom
11:20 Feudal Age
15:15 Castle Age
13:39 Double-Bit Axe
16:20 Bow Saw
20:57 Scale Barding Armor
22:16 Forging
24:06 Gold Mining
25:14 Husbandry
26:31 Wheelbarrow
26:15 Stone Mining
31:17 Imperial Age
30:08 Iron Casting
29:58 Scale Mail Armor
29:45 Pikeman
30:49 Hand Cart
31:53 Capped Ram
33:29 Squires
33:05 Elite Skirmisher
33:36 Fletching
33:47 Padded Archer Armor
34:54 Ballistics
35:13 Bodkin Arrow
35:33 Leather Archer Armor
36:45 Chemistry
37:01 Halberdier
37:46 Light Cavalry
38:57 Chain Barding Armor
42:37 Siege Engineers
Chigüiro
11:03 Feudal Age
15:04 Castle Age
15:20 Horse Collar
17:32 Loom
20:46 Scale Barding Armor
21:35 Pikeman
25:25 Town Watch
33:31 Imperial Age
31:21 Padded Archer Armor
31:19 Fletching
31:58 Husbandry
32:09 Bloodlines
33:32 Wheelbarrow
32:58 Town Patrol
33:23 Forging
34:29 Gold Mining
34:53 Padded Archer Armor
36:17 Conscription
36:32 Elite Arambai
37:14 Halberdier
39:01 Scale Mail Armor
40:14 Chain Mail Armor
40:39 Squires
41:17 Bodkin Arrow
44:54 Plate Mail Armor
This is Kawaii
10:11 Feudal Age
14:06 Castle Age
12:19 Horse Collar
12:53 Double-Bit Axe
13:50 Loom
15:07 Bow Saw
17:37 Heavy Plow
18:30 Wheelbarrow
21:05 Pikeman
22:15 Squires
24:36 Ballistics
24:20 Gold Mining
27:37 Gold Shaft Mining
31:48 Imperial Age
32:07 Heavy Scorpion
34:20 Siege Engineers
36:23 Onager
38:20 Fletching
38:19 Elite Skirmisher
GAX | Ry4n
7:59 Loom
9:51 Feudal Age
13:54 Castle Age
11:51 Double-Bit Axe
12:44 Horse Collar
13:26 Stone Mining
17:36 Heavy Plow
19:41 Loom
20:52 Wheelbarrow
21:06 Bow Saw
21:23 Fletching
21:51 Padded Archer Armor
22:24 Bodkin Arrow
26:20 Ballistics
29:38 Imperial Age
28:21 Leather Archer Armor
30:22 Bracer
31:24 Chemistry
30:52 Conscription
31:29 Ring Archer Armor
32:37 Town Watch
33:11 Gold Mining
36:17 Pirotechnia
38:15 Elite Genoese Crossbowman
42:44 Masonry
Tilápio
3:17 Loom
4:57 Loom
10:05 Feudal Age
16:07 Castle Age
17:48 Bloodlines
17:26 Double-Bit Axe
17:33 Gold Mining
17:34 Stone Mining
17:26 Horse Collar
19:06 Wheelbarrow
27:17 Husbandry
27:24 Scale Barding Armor
29:41 Forging
36:27 Chain Barding Armor
36:55 Iron Casting
36:27 Light Cavalry
41:05 Imperial Age
41:09 Bow Saw
41:01 Heavy Plow
41:38 Gold Shaft Mining
41:20 Hand Cart
41:00 Cavalier
44:40 Hussar
47:41 Plate Barding Armor
48:07 Blast Furnace
rick rush
9:07 Loom
10:52 Feudal Age
15:03 Castle Age
13:35 Fletching
15:18 Double-Bit Axe
15:48 Bodkin Arrow
15:59 Crossbowman
29:52 Guard Tower
30:55 Ballistics
37:37 Imperial Age
36:06 Masonry
37:28 Bow Saw
38:25 Bracer
38:25 Padded Archer Armor
39:38 Chemistry
39:12 Arbalester
digitallimao
10:42 Feudal Age
14:31 Castle Age
12:23 Double-Bit Axe
12:42 Horse Collar
15:27 Bow Saw
18:38 Wheelbarrow
25:05 Husbandry
25:31 Gold Mining
26:56 Forging
28:40 Bloodlines
28:37 Scale Barding Armor
29:39 Iron Casting
31:53 Imperial Age
29:43 Loom
30:41 Hand Cart
30:54 Stone Mining
31:40 Gold Shaft Mining
31:07 Heavy Plow
32:47 Chain Barding Armor
31:58 Heavy Camel Rider
34:49 Plate Barding Armor
34:15 Town Watch
35:37 Two-Man Saw
34:31 Imperial Camel Rider
36:13 Blast Furnace
36:28 Grand Trunk Road
37:40 Padded Archer Armor
38:42 Chemistry
37:54 Fletching
38:26 Ballistics
38:29 Conscription
43:19 Bodkin Arrow
43:31 Siege Engineers
44:29 Bracer
44:51 Ballistics
44:44 Elite Ghulam
46:20 Scale Mail Armor
46:21 Squires
46:25 Herbal Medicine
48:08 Caravan
48:24 Chain Mail Armor
Connection lost

Rejoining the realm…

Still unreachable

The connection could not be restored.

Session expired

The server has moved on; the page needs a fresh start.